 Dungeon Crawl Stone Soup version 0.30-a0-586-g23e55c9e0a (webtiles) character file.

Game seed: 14994188295699578322

487 cforsyth the Trooper (level 7, -1/63 HPs)
             Began as a Ghoul Monk on Jan 3, 2023.
             Slain by a gnoll
             ... wielding a +0 whip
             ... led by a gnoll sergeant
              (2 damage)
             ... on level 4 of the Dungeon.
             The game lasted 00:04:30 (4229 turns).

cforsyth the Trooper (Ghoul Monk)                   Turns: 4229, Time: 00:04:30

Health: -1/63      AC: 14    Str: 17    XL:     7   Next: 13%
Magic:  6/6        EV:  5    Int:  5    God:
Gold:   183        SH:  0    Dex: 11    Spells: 6/6 levels left

rFire   . . .      SeeInvis .      - Unarmed
rCold   + . .      Faith    .    (no shield)
rNeg    + + +      Spirit   .    v - +0 plate armour
rPois   ∞          Reflect  .    u - +0 helmet
rElec   .          Harm     .    i - +0 cloak
rCorr   .          Rampage  .    (no gloves)
Will    .....                    k - +0 pair of boots Stlth
                                 (no amulet)
HPRegen 0.00/turn                (no ring)
MPRegen 0.10/turn                (no ring)

@: inhibited regen
A: claws 1, cold resistance 1, negative energy resistance 3, inhibited
regeneration, torment resistance 2, devour on kill
a: no special abilities


You were on level 4 of the Dungeon.
You visited 1 branch of the dungeon, and saw 5 of its levels.

You collected 183 gold pieces.

Inventory:

Armour
 a - a +0 robe
 i - a +0 cloak (worn)
 k - a +0 pair of boots (worn)
 u - a +0 helmet (worn)
 v - a +0 plate armour (worn)
Jewellery
 o - an amulet of the acrobat
 s - a ring of resist corrosion
Scrolls
 c - 3 scrolls of fog
 e - 3 scrolls of identify {unknown}
 f - a scroll of teleportation {unknown}
 j - 2 scrolls of fear {unknown}
 l - 2 scrolls of enchant armour {unknown}
 m - a scroll of enchant weapon {unknown}
 n - a scroll of vulnerability {unknown}
 r - a scroll of poison {unknown}
 w - a scroll of summoning {unknown}
Potions
 b - a potion of ambrosia
 d - 3 potions of brilliance {unknown}
 g - a potion of curing {unknown}
 h - a potion of mutation {unknown}
 p - a potion of heal wounds {unknown}
 q - a potion of haste {unknown}
 t - a potion of magic {unknown}


   Skills:
 + Level 6.2 Fighting
 + Level 2.0 Armour
 - Level 2.6 Dodging
 - Level 2.1 Stealth
 + Level 6.2 Unarmed Combat


You had 6 spell levels left.
You didn't know any spells.
Your spell library contained the following spells:

 Spells                   Type           Power      Damage    Failure   Level
 Gell's Gravitas          Tloc           0%         N/A       100%        3
 Lesser Beckoning         Tloc           0%         N/A       100%        3
 Teleport Other           Tloc           0%         N/A       100%        3


Dungeon Overview and Level Annotations

Branches:
Dungeon (5/15)
 Temple: D:4-7

Altars:

Annotations:
D:4 1 runed translucent door, bande's ghost, novice GrFi


Innate Abilities, Weirdness & Mutations

You are immune to poison.
You have sharp fingernails.
Your flesh is cold resistant. (rC+)
You are immune to negative energy. (rN+++)
You do not regenerate when monsters are visible.
You are immune to unholy pain and torment.
You thrive by killing the living.


Message History

There is a stone staircase leading up here.
The gnoll sergeant hits you but does no damage.
The orc wizard points at you and mumbles some strange words.
The puff of flame hits you but does no damage.
The orc warrior hits you with a +0 battleaxe!
You climb upwards.
Level annotation: 1 runed translucent door, bande's ghost, novice GrFi
There is a stone staircase leading down here.
You claw the orc warrior!
The orc warrior is heavily wounded.
The orc warrior hits you with a +0 battleaxe!
The gnoll barely misses you.
You claw the orc warrior!
The orc warrior is severely wounded.
The orc warrior barely misses you. The gnoll hits you with a +0 whip.
You are too injured to fight recklessly!
You are too injured to fight recklessly!
You are too injured to fight recklessly!
You are too injured to fight recklessly!
You are too injured to fight recklessly!
You are too injured to fight recklessly!
You are too injured to fight recklessly!
You are too injured to fight recklessly!
You are too injured to fight recklessly!
You barely miss the orc warrior.
The orc warrior is severely wounded.
The orc warrior completely misses you. The gnoll hits you but does no damage.
You scratch the orc warrior.
The orc warrior is severely wounded.
The gnoll completely misses you.
The orc warrior hits you with a +0 battleaxe!
* * * LOW HITPOINT WARNING * * *
You closely miss the orc warrior.
The orc warrior is severely wounded.
You scratch the orc warrior but do no damage.
The orc warrior is severely wounded.
The orc warrior hits you with a +0 battleaxe!
* * * LOW HITPOINT WARNING * * *
The gnoll hits you with a +0 whip.
You die...

....##...# #.# #.##..............
....##...###.###.##...##......##.
..................#..............
....########.##..................
....########.###.................
####.........# #.##...#..........
#.######### #.##...#...#......
#.# #)g............... ####.#####
#@##.......#.#.... .......(.#
#.o.....>......... ########.#
#.##...#.......... #.#
#.................
#.#######.##...#.#.#.#....
#.......................##
############..##.###.#.###
#.....# #.#.# # #..######.#.# #


You could see an orc warrior and a gnoll.

Vanquished Creatures
  An ogre (D:4)
  A jelly (D:4)
  Jessica (D:3)
  An iguana (D:4)
  2 orc wizards (D:4)
  Robin (D:3)
  14 gnolls
  4 adders
  3 dart slugs
  4 orcs
  2 ball pythons (D:1)
  6 endoplasms
  A giant cockroach (D:4)
  20 goblins
  6 hobgoblins
  6 jackals
  2 quokkas
  3 bats (D:1)
  3 frilled lizards (D:1)
  5 kobolds
  4 rats
90 creatures vanquished.

Notes
Turn   | Place    | Note
-------+----------+-------------------------------------------
     0 | D:1      | cforsyth the Ghoul Monk began the quest for the Orb.
     0 | D:1      | Reached XP level 1. HP: 19/19 MP: 0/0
   166 | D:1      | Found a faded altar of an unknown god.
   195 | D:1      | Reached XP level 2. HP: 26/26 MP: 1/1
   402 | D:1      | Reached XP level 3. HP: 32/33 MP: 2/2
  1175 | D:2      | Reached XP level 4. HP: 38/41 MP: 3/3
  1761 | D:3      | Reached XP level 5. HP: 30/47 MP: 4/4
  1927 | D:3      | You fall into a shaft and drop 1 floor!
  1950 | D:3      | Reached skill level 5 in Fighting
  1950 | D:3      | Reached skill level 5 in Unarmed Combat
  1960 | D:3      | Noticed Jessica
  2162 | D:3      | Killed Jessica
  2279 | D:3      | Noticed Robin
  2339 | D:3      | Killed Robin
  2941 | D:4      | Reached XP level 6. HP: 53/56 MP: 5/5
  3146 | D:4      | Reached skill level 1 in Armour
  3627 | D:4      | Reached XP level 7. HP: 44/63 MP: 6/6
  3724 | D:4      | Found a runed translucent door.
  3728 | D:4      | Noticed bande's ghost (novice GrFi)
  4202 | D:5      | Entered Level 5 of the Dungeon
  4229 | D:4      | HP: 1/63 [orc warrior/+0 battleaxe (16)]
  4229 | D:4      | Slain by a gnoll

Illustrated notes

Levels and vault maps discovered:
D:1:      dpeg_arrival_court, layout_basic, basic_ecumenical_altar,
          minmay_heptomino_o4
D:2:      layout_loops_cross, minmay_stone_trees_small
D:3:      layout_loops_cross, uniq_jessica, uniq_robin
D:4:      layout_basic, ebering_ghost_sewer_d
D:5:      layout_rooms, minmay_temple_entry_grid, uniq_crazy_yiuf_cottage

Skill      XL: |  1  2  3  4  5  6  7 |
---------------+----------------------+-----
Fighting       | 4 5 6 |  6.2
Unarmed Combat | 4 5 6 |  6.2
Armour         | 1 2 |  2.0
Dodging        | |  2.6
Stealth        | |  2.1

Action                   |  1- 3 |  4- 6 |  7- 9 || total
-------------------------+-------+-------+-------++-------
Melee: Unarmed           |    82 |   178 |    26 ||   286
       Punch             |     2 |     6 |     2 ||    10
  Use: Scroll            |       |     1 |       ||     1
 Stab: Sleeping          |    11 |     1 |       ||    12
       Distracted        |     1 |       |       ||     1
Armor: Robe              |    10 |    21 |       ||    31
       Plate armour      |       |    63 |    19 ||    82
Dodge: Dodged            |    49 |    87 |    12 ||   148

Table legend: (Time is in decaauts)
 A = Elapsed time spent in this place.
 B = Non-inter-level travel time spent in this place.
 C = Inter-level travel time spent in this place.
 D = Time resting spent in this place.
 E = Time spent auto-exploring this place.
 F = Levels seen in this place.
 G = Mean time per level.
                   A        B        C        D        E       F      G
               +--------+--------+--------+--------+--------+-----+--------+
         Total |   4208 |   3960 |    248 |    449 |   2779 |   5 |  841.6 |
       Dungeon |   4208 |   3960 |    248 |    449 |   2779 |   5 |  841.6 |
               +--------+--------+--------+--------+--------+-----+--------+

Top non-repeatable levels by time:
     D:4: 1333 daAuts
     D:3: 1142 daAuts
     D:1: 955 daAuts
     D:2: 772 daAuts
     D:5: 4 daAuts
